 Dungeon Crawl Stone Soup version 0.22.1-1-ga44c0e56f4 (webtiles) character file.

8711 Bapho the Transmogrifier (level 11, -5/89 HPs)
             Began as a Green Draconian Transmuter on Oct 2, 2018.
             Was a Believer of Nemelex Xobeh.
             Slain by an unseen horror (8 damage)
             ... on level 10 of the Dungeon.
             The game lasted 00:30:37 (12262 turns).

Bapho the Transmogrifier (DrTm)                    Turns: 12262, Time: 00:30:37

Health: -5/89      AC: 10    Str: 13    XL:     11   Next: 13%
Magic:  16/16      EV: 14    Int: 13    God:    Nemelex Xobeh [**....]
Gold:   440        SH:  0    Dex: 15    Spells: 6/17 levels left

rFire    . . .     SeeInvis .     - Unarmed
rCold    . . .     Gourm    .   (shield currently unavailable)
rNeg     . . .     Faith    .   (armour unavailable)
rPois    +         Spirit   .   (helmet restricted)
rElec    .         Reflect  .   (no cloak)
rCorr    .         Harm     .   (gloves currently unavailable)
MR       .....                  h - +2 pair of boots
Stlth    +.........             (no amulet)
HPRegen  0.24/turn              (no ring)
MPRegen  0.15/turn              (no ring)

@: blade hands (expiring)
A: breathe noxious fumes, unfitting armour, poison resistance, cold-blooded, AC
+7
a: Breathe Noxious Fumes, End Transformation, Renounce Religion


You were on level 10 of the Dungeon.
You worshipped Nemelex Xobeh.
Nemelex Xobeh was pleased with you.
You were very hungry.
You had blades for hands.
You visited 1 branch of the dungeon, and saw 10 of its levels.
You also visited: Ossuary.

You collected 440 gold pieces.

Inventory:

Missiles
 a - 109 arrows
 i - 114 stones (quivered)
Armour
 h - a +2 pair of boots (worn)
Jewellery
 g - an uncursed ring of positive energy {unknown}
 r - an uncursed ring of attention
Wands
 v - a wand of iceblast (15)
 D - a wand of polymorph (20)
 F - a wand of enslavement (8)
 G - a wand of flame (12)
Scrolls
 e - 2 scrolls of identify
 f - 3 scrolls of teleportation
 m - 3 scrolls of enchant armour
 p - a scroll of remove curse
 q - a scroll of vulnerability {unknown}
 t - a scroll of amnesia {unknown}
 x - a scroll of fog {unknown}
 y - a scroll of blinking {unknown}
Potions
 b - a potion of brilliance {unknown}
 j - 2 potions of cancellation
 k - a potion of ambrosia
 l - a potion of haste
 o - a potion of invisibility
 s - 2 potions of heal wounds {unknown}
 u - a potion of might {unknown}
 w - a potion of lignification {unknown}
 z - a potion of degeneration {unknown}
 B - 2 potions of agility {unknown}
 C - 2 potions of resistance
 E - 2 potions of flight {unknown}
Miscellaneous
 d - a plain deck of destruction {drawn: 2}
 A - a plain deck of escape
 I - an ornate deck of escape
Comestibles
 c - 11 rations


   Skills:
 + Level 6.0 Fighting
 * Level 3.5 Dodging
 + Level 7.6 Unarmed Combat
 - Level 3.5 Spellcasting
 - Level 13.5 Transmutations
 - Level 3.0 Poison Magic


You had 6 spell levels left.
You knew the following spells:

 Your Spells              Type           Power        Failure   Level  Hunger
a - Beastly Appendage     Tmut           #####.       7%          1    #......
b - Sticks to Snakes      Tmut           #####...     8%          2    ##.....
c - Spider Form           Tmut/Pois      ###.......   22%         3    ###....
d - Blade Hands           Tmut           #####.....   22%         5    ######.

Your spell library contained the following spells:

 Spells                   Type           Power        Failure   Level  Hunger
 Ice Form                 Ice/Tmut       ###.....     54%         4    #####..
 Magic Dart               Conj           #...         65%         1    #......
 Blink                    Tloc           N/A          75%         2    ##.....
 Call Imp                 Summ           #.......     75%         2    ##.....
 Slow                     Hex            #.......     75%         2    ##.....
 Mephitic Cloud           Conj/Pois/Air  #.......     82%         3    ###....
 Conjure Flame            Conj/Fire      #.......     89%         3    ###....


Dungeon Overview and Level Annotations

Branches:
Dungeon (10/15)            Temple (0/1) D:7
   Lair: D:8-11         Orc: D:9-12

Altars:
Ashenzari
Gozag
Hepliaklqana
Makhleb
Nemelex Xobeh
Okawaru
Ru
Trog
Uskayaw
Wu Jian
Yredelemnul
Zin
The Shining One

Shops:
D:4 (   D:7 *


Innate Abilities, Weirdness & Mutations

You can breathe blasts of noxious fumes.
Your lurid green scales are hard. (AC +7)
You cannot fit into any form of body armour.
Your system is resistant to poisons. (rPois)
You are cold-blooded and may be slowed by cold attacks.


Message History

* * * LOW HITPOINT WARNING * * *
You feel better.
Something hits you but does no damage. x2
Unknown command.
As you read the scroll of fear, it crumbles to dust.
You assume a fearsome visage.
The orc warrior looks frightened!
The orc looks frightened! x2; Cornered, the orc turns to fight!
Something hits you but does no damage. Something barely misses you.
Cornered, the orc turns to fight!
Cornered, the orc warrior turns to fight!
Your transformation is almost over.
Something hits you but does no damage. Something hits you but does no damage.
Something hits you.
* * * LOW HITPOINT WARNING * * *
Something hits you but does no damage. Something hits you!
* * * LOW HITPOINT WARNING * * *
Something hits you!
You die...
Your body disappears without a glow.

#########
#.......#
#.#####.#
#....<#.#
#######.#
#.#############
#....@.........
#######o######
## #.# #.. #o#
#.#.##### #.#
........###o#
..#....oo(.o#
..##....##### .
#..##.#..## ...


You could see an orc.

Vanquished Creatures
  Erolcha (D:9)
  A two-headed ogre (D:9)
  Nergalle (D:10)
  Pikel (D:9)
  A cyclops (D:7)
  Prince Ribbit (D:9)
  Grinder (D:3)
  2 hippogriffs (D:8)
  12 yaks
  A hungry ghost (D:9)
  Edmund (D:6)
  A water moccasin (D:4)
  An ice beast (D:7)
  An orc warrior (D:6)
  A slave (D:9)
  3 sky beasts
  4 ogres
  A phantom (D:4)
  A crocodile (D:9)
  2 elf zombies (Ossuary)
  2 big kobolds
  A wyvern zombie (D:7)
  4 bullfrogs
  3 scorpions
  4 wights (D:7)
  2 electric eels (D:9)
  A howler monkey (D:5)
  3 centaur zombies
  2 crimson imps
  2 quasits
  A bullfrog zombie (D:4)
  A human zombie (Ossuary)
  3 hounds
  4 jellies
  4 orc priests
  A gnoll shaman (D:5)
  2 orc wizards
  A centaur skeleton (D:7)
  An iguana (D:7)
  3 worker ants
  A big kobold zombie (Ossuary)
  A hound zombie (D:9)
  2 mummies (Ossuary)
  5 gnolls
  10 adders
  A shadow imp (D:6)
  An ooze (D:4)
  4 adder zombies
  An adder skeleton (D:8)
  A worm (D:3)
  3 dart slugs
  5 leopard geckos
  19 orcs
  3 ball pythons
  23 bats
  8 giant cockroaches
  9 goblins
  10 hobgoblins
  17 jackals
  A quokka (D:4)
  6 frilled lizards
  9 hobgoblin zombies (Ossuary)
  A jackal zombie (D:7)
  9 kobolds
  8 kobold zombies (Ossuary)
  A leopard gecko zombie (D:5)
  10 orc zombies (Ossuary)
  A quokka zombie (D:6)
  15 rats
  A rat zombie (Ossuary)
269 creatures vanquished.

Vanquished Creatures (collateral kills)
  A steam dragon (D:5)
  A jelly (D:5)
2 creatures vanquished.

Vanquished Creatures (others)
  An electric eel (D:9)
  A crimson imp (D:9)
  2 orc wizards (D:9)
  A hound skeleton (D:9)
  An adder (D:9)
  An adder zombie (D:9)
  2 orcs (D:9)
  2 kobolds (D:9)
11 creatures vanquished.

Grand Total: 282 creatures vanquished

Notes
Turn   | Place    | Note
-------+----------+-------------------------------------------
     0 | D:1      | Bapho the Draconian Transmuter began the quest for the Orb.
     0 | D:1      | Reached XP level 1. HP: 16/16 MP: 3/3
   129 | D:1      | Reached XP level 2. HP: 23/24 MP: 5/5
   136 | D:1      | Learned a level 2 spell: Sticks to Snakes
   586 | D:1      | Reached XP level 3. HP: 30/30 MP: 6/6
   591 | D:1      | Learned a level 3 spell: Spider Form
   955 | D:2      | Found a basalt altar of Yredelemnul.
  1334 | D:2      | Reached XP level 4. HP: 36/37 MP: 7/7
  1394 | D:2      | Reached skill level 3 in Transmutations
  2744 | D:3      | Found a glowing silver altar of Zin.
  2745 | D:3      | Found an opulent altar of Gozag.
  2795 | D:3      | Noticed Grinder
  2808 | D:3      | Paralysed by Grinder for 3 turns
  2846 | D:3      | Killed Grinder
  2846 | D:3      | Reached skill level 4 in Transmutations
  2846 | D:3      | Reached XP level 5. HP: 19/42 MP: 2/10
  2846 | D:3      | Reached XP level 6. HP: 23/50 MP: 2/11
  3089 | D:3      | Reached skill level 5 in Transmutations
  3448 | D:3      | Found a sparkling altar of Nemelex Xobeh.
  3519 | D:3      | Became a worshipper of Nemelex Xobeh the Trickster
  3597 | D:4      | Noticed a water moccasin
  3608 | D:4      | Killed a water moccasin
  3887 | D:4      | Received a gift from Nemelex Xobeh
  4177 | D:4      | Found Ehossot's Antique Weapon Shop.
  4306 | D:4      | Your scales start taking on a lurid green colour.
  4306 | D:4      | Reached XP level 7. HP: 54/56 MP: 10/12
  4306 | D:4      | Gained mutation: Your system is resistant to poisons.
                  | (rPois) [Green Draconian growth]
  5187 | D:5      | Entered Level 5 of the Dungeon
  5270 | D:5      | Noticed a steam dragon
  5277 | D:5      | Killed a steam dragon
  5277 | D:5      | Reached skill level 5 in Unarmed Combat
  5447 | D:5      | Found a glowing golden altar of the Shining One.
  5760 | D:6      | Reached XP level 8. HP: 33/66 MP: 10/13
  6065 | D:6      | Learned a level 5 spell: Blade Hands
  6098 | D:6      | Reached * piety under Nemelex Xobeh
  6502 | D:6      | Reached skill level 5 in Fighting
  6718 | D:6      | Noticed Edmund
  6730 | D:6      | Killed Edmund
  7113 | D:7      | Reached skill level 6 in Transmutations
  7163 | D:7      | Reached skill level 7 in Transmutations
  7518 | D:7      | Reached XP level 9. HP: 74/74 MP: 8/14
  7585 | D:7      | Found a staircase to the Ecumenical Temple.
  7623 | D:7      | Found Vepritso's General Store.
  7688 | D:7      | Reached skill level 8 in Transmutations
  8350 | D:7      | Reached skill level 9 in Transmutations
  8351 | D:7      | Noticed a cyclops
  8361 | D:7      | Killed a cyclops
  8395 | D:7      | Reached skill level 10 in Transmutations
  8852 | D:8      | Found a shattered altar of Ashenzari.
  8871 | D:8      | Reached ** piety under Nemelex Xobeh
  8956 | D:8      | Received a gift from Nemelex Xobeh
  8973 | D:8      | Found a sand-covered staircase.
  8982 | Ossuary  | Entered an ossuary
  9075 | Ossuary  | Reached skill level 11 in Transmutations
  9218 | Ossuary  | Reached XP level 10. HP: 81/81 MP: 10/15
  9623 | D:8      | Found an iron altar of Okawaru.
  9626 | D:8      | Found a hazy altar of Hepliaklqana.
 10278 | D:9      | Noticed Pikel
 10294 | D:9      | Killed Pikel
 10294 | D:9      | Reached skill level 12 in Transmutations
 10551 | D:9      | Noticed Prince Ribbit
 10559 | D:9      | Killed Prince Ribbit
 11097 | D:9      | Found a hide-covered altar of Uskayaw.
 11099 | D:9      | Found a sacrificial altar of Ru.
 11165 | D:9      | Received a gift from Nemelex Xobeh
 11201 | D:9      | Noticed Erolcha
 11208 | D:9      | Killed Erolcha
 11208 | D:9      | Reached skill level 13 in Transmutations
 11304 | D:9      | Noticed a two-headed ogre
 11312 | D:9      | Killed a two-headed ogre
 11706 | D:9      | Found a bloodstained altar of Trog.
 11712 | D:9      | Found a burning altar of Makhleb.
 11714 | D:9      | Found an ornate altar of the Wu Jian Council.
 11821 | D:9      | Reached XP level 11. HP: 64/88 MP: 11/16
 12180 | D:10     | Entered Level 10 of the Dungeon
 12220 | D:10     | Noticed Nergalle
 12235 | D:10     | Killed Nergalle
 12261 | D:10     | HP: 3/89 [something (9)]
 12262 | D:10     | Slain by an unseen horror

Skill      XL: |  1  2  3  4  5  6  7  8  9 10 11 |
---------------+----------------------------------+-----
Fighting       | 2 4 5 6 |  6.0
Transmutations | 4 5 7 11 13 | 13.5
Spellcasting   | 3 |  3.5
Unarmed Combat | 5 7 |  7.6
Poison Magic   | 3 |  3.0
Dodging        | 2 3 |  3.5

Action                   |  1- 3 |  4- 6 |  7- 9 | 10-12 || total
-------------------------+-------+-------+-------+-------++-------
Melee: Unarmed           |   138 |   224 |   345 |   138 ||   845
       Headbutt          |     6 |     5 |     1 |       ||    12
       Tailslap          |     6 |    15 |    17 |    19 ||    57
       Punch             |     2 |     1 |     7 |     2 ||    12
       Kick              |     2 |     8 |     5 |       ||    15
Throw: Stone             |    69 |   108 |    55 |     2 ||   234
 Cast: Beastly Appendage |    11 |    25 |    10 |     1 ||    47
       Spider Form       |       |     6 |    25 |     2 ||    33
       Blade Hands       |       |       |    11 |    18 ||    29
 Abil: Breathe Noxious F |       |       |     1 |       ||     1
Evoke: Deck              |       |       |     2 |       ||     2
  Use: Scroll            |       |       |    10 |     1 ||    11
       Potion            |       |       |       |     1 ||     1
 Stab: Confused          |       |       |     1 |       ||     1
       Sleeping          |       |       |     1 |       ||     1
  Eat: Chunk             |     2 |    11 |    15 |    11 ||    39
       Ration            |       |       |     2 |     2 ||     4
Armor: Skin              |    58 |   134 |    56 |    44 ||   292
Dodge: Dodged            |   103 |   229 |   274 |    67 ||   673
